 Dungeon Crawl Stone Soup version 0.30-a0-777-ga9a30cbeda (webtiles) character file.

Game seed: 9838144760056117197

98 inmateoo the Chopper (level 4, -1/34 HPs)
             Began as a Demonspawn Gladiator on Feb 14, 2023.
             Was an Initiate of Gozag.
             Killed by divine providence
             ... invoked by an orc priest
              (17 damage)
             ... on level 3 of the Dungeon.
             The game lasted 00:02:28 (1573 turns).

inmateoo the Chopper (Demonspawn Gladiator)         Turns: 1573, Time: 00:02:29

Health: -1/34      AC:  4    Str: 16    XL:     4   Next: 44%
Magic:  4/4        EV: 12    Int: 10    God:    Gozag
Gold:   234        SH:  6    Dex: 14    Spells: 3/3 levels left

rFire   . . .      SeeInvis .    a - +0 war axe
rCold   . . .      Faith    .    (no shield)
rNeg    + . .      Spirit   .    b - +0 leather armour
rPois   .          Reflect  .    c - +0 helmet
rElec   .          Harm     .    (no cloak)
rCorr   .          Rampage  .    (no gloves)
Will    .....                    (no boots)
Stlth   +                        (no amulet)
HPRegen 0.25/turn                f - ring of positive energy
MPRegen 0.09/turn                (no ring)

@: no status effects
A: large bone plates 2, foul stench 1
a: Renounce Religion, Potion Petition, Call Merchant, Bribe Branch


You were on level 3 of the Dungeon.
You worshipped Gozag.
Gozag was aware of your devotion.
You visited 1 branch of the dungeon, and saw 3 of its levels.

You collected 234 gold pieces.

Inventory:

Hand Weapons
 a - a +0 war axe (weapon)
Missiles
 d - 3 throwing nets (quivered)
 e - a javelin
Armour
 b - a +0 leather armour (worn)
 c - a +0 helmet (worn)
Jewellery
 f - a ring of positive energy (left hand)
 i - an amulet of regeneration
Scrolls
 m - a scroll of acquirement {unknown}
 n - 2 scrolls of teleportation
Potions
 g - a potion of resistance {unknown}
 h - 2 potions of mutation
 j - 3 potions of curing {unknown}
 k - a potion of heal wounds {unknown}
 l - a potion of degeneration {unknown}
 o - 2 potions of might {unknown}
 p - a potion of ambrosia {unknown}


   Skills:
 + Level 2.7 Fighting
 * Level 3.7 Axes
 - Level 1.7 Throwing
 + Level 1.4 Armour
 + Level 3.2 Dodging


You had 3 spell levels left.
You didn't know any spells.
Your spell library contained the following spells:

 Spells                   Type           Power      Damage    Failure   Level
 Summon Guardian Golem    Hex/Summ       0%         N/A       80%         3
 Orb of Destruction       Conj           0%         9d5       100%        7
 Spellforged Servitor     Conj/Summ      0%         N/A       100%        7


Dungeon Overview and Level Annotations

Branches:
Dungeon (3/15)

Altars:
Gozag

Shops:
D:1 ?   D:2 =

Annotations:
D:3 3 runed translucent doors, derval's ghost, novice OpSu


Innate Abilities, Weirdness & Mutations

You are mostly covered in large bone plates. (SH +6)
You may rarely emit foul miasma when damaged in melee.


Message History

An orc is nearby!
An orc comes into view. It is wielding a +4 short sword.
The orc shouts!
There are monsters nearby!
The orc hits you with a +0 trident.
You emit a cloud of foul miasma!
You slash the orc!
You kill the orc!
An orc priest comes into view.
It is wielding a +2 morningstar of protection.
Things that are here:
5 gold pieces; a +0 trident You barely miss the orc.
The orc hits you with a +4 short sword.
You emit a cloud of foul miasma!
The orc is engulfed in dark miasma.
The orc is poisoned.
The orc seems to slow down.
You kill the orc!
No target in view!
No target in view!
No target in view!
You now have 217 gold pieces (gained 5).
You see here a +0 trident.
You now have 234 gold pieces (gained 17).
You see here a +4 short sword.
No target in view!
The orc priest shouts!
An orc priest is nearby!
A rat comes into view.
There are monsters nearby!
The orc priest looks braver for a moment.
You hit the orc priest but do no damage.
The orc priest misses you.
You hit the orc priest.
The orc priest is lightly wounded.
The orc priest hits you with a +2 morningstar of protection!
You hit the orc priest.
The orc priest is moderately wounded.
The orc priest hits you with a +2 morningstar of protection!
The orc priest calls down the wrath of Beogh upon you.
Beogh smites you!
Ouch! That really hurt!
You die...
Your body crumbles into a pile of gold.

###.......##.#...#.#
#<'.......##.###.#.#
###)......##.# #.#.#
#.......##)# #.#.#
##########)# #)#.#
#.# #...# #.# #####
.#########.#
.....ro@...#
.########### $


You could see an orc priest and a rat.

Vanquished Creatures
  A gnoll (D:2)
  4 adders
  2 dart slugs (D:1)
  2 orcs (D:3)
  7 endoplasms
  4 giant cockroaches
  8 goblins
  2 hobgoblins (D:2)
  2 ball pythons
  4 bats
  A frilled lizard (D:1)
  7 kobolds
  A rat (D:1)
45 creatures vanquished.

Notes
Turn   | Place    | Note
-------+----------+-------------------------------------------
     0 | D:1      | inmateoo the Demonspawn Gladiator began the quest for the
                  | Orb.
     0 | D:1      | Reached XP level 1. HP: 16/16 MP: 1/1
    69 | D:1      | Found Holokir's Magic Scroll Shop.
   125 | D:1      | Gained mutation: You may rarely emit foul miasma when
                  | damaged in melee. [demonic ancestry]
   125 | D:1      | Reached XP level 2. HP: 18/22 MP: 2/2
   560 | D:2      | Found Neplovveec's Jewellery Emporium.
   584 | D:2      | Reached skill level 1 in Armour
   584 | D:2      | Gained mutation: You are partially covered in large bone
                  | plates. (SH +4) [demonic ancestry]
   584 | D:2      | Reached XP level 3. HP: 9/28 MP: 3/3
   743 | D:2      | Found a faded altar of an unknown god.
   850 | D:2      | Prayed at the altar of an unknown god.
   850 | D:2      | Became a worshipper of Gozag Ym Sagoz the Greedy
  1287 | D:2      | Gained mutation: You are mostly covered in large bone
                  | plates. (SH +6) [demonic ancestry]
  1287 | D:2      | Reached XP level 4. HP: 34/34 MP: 4/4
  1483 | D:3      | Found a runed translucent gate.
  1483 | D:3      | Found a runed translucent gate.
  1483 | D:3      | Identified the +3 hand axe "Plog" {freeze, rPois rC++ Str-2
                  | Stlth+}
  1483 | D:3      | Identified the +1 scale mail of the Gastropod {Str+2}
  1484 | D:3      | Found a runed translucent gate.
  1484 | D:3      | Noticed derval's ghost (novice OpSu)
  1573 | D:3      | Killed from afar by an orc priest

Illustrated notes

Levels and vault maps discovered:
D:1:      lightli_arrival_quake, layout_basic, serial_shops, nicolae_shop_trees
D:2:      layout_basic, serial_shops, nicolae_shop_stone,
          hellmonk_ecumenical_altar_lost_god, minmay_tall_x
D:3:      layout_basic, biasface_ghost_orc_armoury

Skill      XL: |  1  2 |
---------------+-------+-----
Axes           | 3 |  3.7
Armour         | 1 |  1.4
Dodging        | 3 |  3.2
Fighting       | |  2.7
Throwing       | |  1.7

Action                     |  1- 3 |  4- 6 || total
---------------------------+-------+-------++-------
  Melee: War axe           |   119 |    18 ||   137
    Use: Scroll            |     3 |     2 ||     5
   Stab: Sleeping          |     2 |       ||     2
 Armour: Leather armour    |    44 |     1 ||    45
  Dodge: Dodged            |    86 |    11 ||    97
  Block: Other             |    15 |     1 ||    16

Table legend: (Time is in decaauts)
 A = Elapsed time spent in this place.
 B = Non-inter-level travel time spent in this place.
 C = Inter-level travel time spent in this place.
 D = Time resting spent in this place.
 E = Time spent auto-exploring this place.
 F = Levels seen in this place.
 G = Mean time per level.
                   A        B        C        D        E       F      G
               +--------+--------+--------+--------+--------+-----+--------+
         Total |   1618 |   1588 |     30 |    131 |   1058 |   3 |  539.3 |
       Dungeon |   1618 |   1588 |     30 |    131 |   1058 |   3 |  539.3 |
               +--------+--------+--------+--------+--------+-----+--------+

Top non-repeatable levels by time:
     D:2: 826 daAuts
     D:1: 650 daAuts
     D:3: 141 daAuts
